AoeStats
← jesus082879

Arabia

510007349Analyzed
1v1 RM · 3d ago on Sep 29, 2026· 58m 13s· 2 players
Game mode
Random Map
Map size
Tiny (2 player)
Population
200
Speed
Normal
Resources
Standard
Victory
Conquest
Starting age
Dark Age
Ending age
Imperial Age
RankedLock teamsTeams togetherTeam positionsShared explorationLock speedFull tech treeHidden civsTurbo modeCheats
Victory
Defeat
🇲🇽 Saracens · Mexico
603
+19
🇨🇴 Huns · Colombia
674
-19
jesus082879
11:20 Feudal Age
11:46 Double-Bit Axe
12:38 Wheelbarrow
11:46 Horse Collar
13:51 Loom
20:51 Castle Age
20:11 Forging
20:07 Scale Barding Armor
20:09 Gold Mining
21:46 Bow Saw
21:53 Hand Cart
21:41 Heavy Plow
22:22 Husbandry
21:48 Light Cavalry
23:51 Bloodlines
27:50 Iron Casting
32:38 Gold Shaft Mining
31:54 Stone Mining
36:11 Bimaristan
36:52 Fletching
40:07 Imperial Age
37:23 Town Watch
39:38 Bodkin Arrow
41:36 Bracer
42:41 Elite Mameluke
43:53 Hussar
50:41 Blast Furnace
52:19 Chain Barding Armor
52:00 Scale Mail Armor
57:21 Counterweights
57:32 Conscription
57:58 Plate Barding Armor
57:24 Padded Archer Armor
XkranionX
10:56 Feudal Age
12:01 Double-Bit Axe
13:26 Bloodlines
15:46 Loom
19:34 Wheelbarrow
23:02 Castle Age
22:13 Scale Barding Armor
22:02 Fletching
26:13 Hand Cart
27:25 Forging
29:05 Marauders
30:24 Pikeman
37:30 Fervor
43:26 Imperial Age
45:23 Atheism
57:34 Chain Barding Armor
57:49 Iron Casting
Connection lost

Rejoining the realm…

Still unreachable

The connection could not be restored.

Session expired

The server has moved on; the page needs a fresh start.